Map: [ESL] Tropical Sacrifice

Players

ByuN - Winner!

  • Race: Terran Terran
  • Spawn Location: 7:00

Maru

  • Race: Terran Terran
  • League: Master
  • Spawn Location: 1:00

VOD

Have the link to the VOD?

Description

Time

  • Played on: Nov. 6, 2022, 5:58 a.m.
  • Length: 13:02
Show
View Real Time Build Order
Export as new Build Order

ByuN Terran - Winner!

Build Orders:  

Get SALT Encoding   

  12  0:00  SCV  
  13  0:12  SCV  
  14  0:17  Supply Depot  
  14  0:24  SCV  
  15  0:39  SCV  
  15  0:40  Barracks  
  16  0:44  Refinery  
  16  0:51  SCV  
  16  0:54  Refinery  
  17  1:03  SCV  
  18  1:15  SCV  
  19  1:28  Reaper, Orbital Command  
  20  1:34  Supply Depot  
  20  1:42  Factory  
  20  1:53  SCV  
  21  2:00  Barracks Reactor  
  21  2:05  SCV  
  22  2:18  SCV  
  23  2:23  Command Center  
  23  2:28  Hellion  
  25  2:30  SCV  
  26  2:37  Reaper x2  
  26  2:42  Supply Depot  
  28  2:45  SCV  
  28  2:51  Hellion  
  31  3:04  SCV  
  32  3:06  Starport  
  32  3:11  Reaper x2  
  34  3:17  Hellion  
  35  3:21  SCV  
  36  3:33  SCV  
  37  3:40  Factory Tech Lab  
  37  3:42  Starport Tech Lab  
  37  3:45  SCV  
  36  3:49  Marine x2  
  36  3:50  Orbital Command  
  36  3:53  Refinery  
  38  3:59  SCV  
  38  4:01  Banshee  
  37  4:11  SCV  
  37  4:12  Marine x2  
  39  4:17  SCV  
  39  4:22  Cyclone  
  39  4:23  SCV  
  41  4:29  SCV, Marine  
  41  4:30  Marine  
  44  4:43  Supply Depot, Raven  
  47  4:46  SCV x2  
  47  4:47  Marine x2  
  50  4:55  Siege Tank  
  50  4:59  SCV  
  54  5:04  SCV  
  54  5:05  Command Center, Marine x2  
  57  5:11  SCV  
  58  5:14  Supply Depot  
  58  5:16  SCV  
  58  5:19  Refinery  
  59  5:24  Marine  
  59  5:25  Marine  
  62  5:30  SCV  
  62  5:34  Supply Depot  
  62  5:36  SCV, Raven, Siege Tank  
  68  5:43  SCV  
  68  5:48  SCV  
  70  5:54  Barracks  
  70  5:55  Barracks  
  70  5:56  SCV  
  71  5:58  Supply Depot  
  71  6:00  SCV  
  74  6:14  SCV x2  
  74  6:17  Engineering Bay x2  
  74  6:22  Orbital Command  
  74  6:24  Marine  
  74  6:25  Stimpack, Siege Tank  
  78  6:26  SCV  
  78  6:27  SCV  
  80  6:36  Viking x2  
  84  6:41  SCV x2  
  84  6:43  Barracks Reactor x2  
  84  6:44  Terran Infantry Weapons Level 1  
  84  6:46  Terran Infantry Armor Level 1  
  86  6:58  SCV x2  
  88  7:02  Siege Tank  
  88  7:03  Barracks  
  88  7:04  Barracks, Orbital Command  
  91  7:09  Viking x2  
  91  7:11  Supply Depot  
  91  7:12  Marine  
  91  7:15  SCV x2  
  88  7:27  SCV x2  
  86  7:30  Marine  
  86  7:31  SCV  
  86  7:35  Marine x2  
  87  7:38  Marine x2  
  87  7:39  SCV x2  
  87  7:42  Medivac, Siege Tank  
  87  7:43  Medivac  
  98  7:49  SCV  
  99  7:51  SCV  
  99  7:55  Marine x2  
  99  7:56  Barracks Reactor x2  
  102  8:00  SCV, Sensor Tower  
  102  8:01  SCV  
  102  8:04  SCV  
  102  8:06  Marine x3  
  102  8:12  SCV  
  106  8:14  Supply Depot  
  106  8:15  Combat Shield  
  106  8:19  Armory  
  106  8:20  SCV x2  
  106  8:24  SCV  
  109  8:29  Marine x4  
  109  8:32  Refinery x2  
  109  8:33  Marine  
  115  8:35  Supply Depot  
  115  8:36  Siege Tank  
  117  8:42  Marine x2  
  117  8:45  Marine  
  119  8:54  Marine  
  118  8:56  Marine x5  
  118  8:59  Medivac x2  
  118  9:00  Marine  
  128  9:07  SCV, Marine x2  
  128  9:08  Siege Tank  
  131  9:12  Marine  
  131  9:13  Terran Infantry Armor Level 2  
  131  9:15  Marine x3  
  131  9:16  Marine  
  124  9:18  SCV x2  
  124  9:22  Marine x2  
  128  9:27  Terran Infantry Weapons Level 2  
  128  9:34  Marine  
  128  9:38  Medivac x2  
  130  9:41  Marine x3  
  130  9:42  Command Center  
  133  9:47  Marine x3  
  133  9:51  Barracks Reactor  
  133  9:52  Marine x2  
  137  9:56  Supply Depot  
  137  9:57  Terran Vehicle Weapons Level 1, Factory  
  137  9:59  SCV x3  
  141  10:05  Supply Depot  
  141  10:07  Missile Turret  
  141  10:17  Marine x8  
  141  10:20  Siege Tank  
  130  10:30  Marine x2  
  130  10:35  Marine x4  
  136  10:38  SCV  
  136  10:40  Marine  
  136  10:41  Marine  
  132  10:43  Marine x2  
  132  10:48  Medivac x2, Marine x2  
  127  10:50  Siege Tank  
  127  10:52  Marine x4  
  127  10:53  SCV x3  
  137  11:01  Marine x4  
  141  11:04  Siege Tank  
  144  11:11  SCV x2  
  144  11:12  SCV  
  144  11:14  Barracks x3  
  147  11:19  Planetary Fortress  
  147  11:22  Siege Tank  
  147  11:23  SCV, Marine x3  
  147  11:24  SCV x2  
  156  11:25  Marine  
  156  11:28  Marine  
  156  11:30  Marine  
  159  11:35  Medivac x2  
  159  11:36  Marine x4  
  167  11:40  Marine  
  167  11:41  Marine x2  
  167  11:43  Marine  
  167  11:46  Marine  
  172  11:51  Supply Depot  
  172  11:53  Supply Depot  
  172  11:58  Supply Depot x2  
  172  12:02  Marine  
  172  12:05  Siege Tank  
  172  12:07  Marine x7  
  171  12:09  Marine  
  171  12:12  Marine  
  171  12:13  Siege Tank  
  174  12:20  Marine  
  169  12:24  Marine  
  169  12:25  Marine x6  
  169  12:26  Marine  
  175  12:30  Marine  
  176  12:38  Marine  
  176  12:42  Marine  
  176  12:43  Marine x4  
Show
View Real Time Build Order
Export as new Build Order

Maru Terran 

Build Orders:  

Get SALT Encoding   

  12  0:00  SCV  
  13  0:12  SCV  
  14  0:17  Supply Depot  
  14  0:24  SCV  
  15  0:39  SCV  
  15  0:41  Barracks  
  16  0:44  Refinery  
  16  0:51  SCV  
  17  1:01  Barracks  
  17  1:03  SCV  
  18  1:13  Refinery  
  18  1:15  SCV  
  19  1:28  Reaper  
  20  1:33  Orbital Command  
  20  1:45  Supply Depot  
  20  1:48  Reaper  
  21  1:58  SCV  
  21  2:00  Reaper  
  23  2:10  SCV  
  23  2:13  Factory  
  24  2:22  Reaper, SCV  
  26  2:30  Supply Depot  
  26  2:32  Reaper  
  26  2:34  SCV  
  28  2:46  SCV  
  29  2:54  Reaper  
  29  2:57  Hellion  
  32  3:04  Command Center  
  32  3:06  Reaper  
  32  3:09  SCV  
  34  3:16  Supply Depot  
  34  3:21  Hellion  
  34  3:26  Reaper, SCV  
  38  3:34  Starport  
  38  3:38  SCV  
  33  3:50  SCV  
  33  3:51  Reaper  
  33  3:52  Hellion  
  37  4:01  Reaper  
  38  4:03  SCV  
  37  4:15  SCV  
  37  4:16  Orbital Command  
  37  4:21  Medivac  
  37  4:23  Factory Tech Lab  
  38  4:27  SCV  
  39  4:35  Barracks Reactor  
  39  4:36  Barracks Tech Lab  
  39  4:39  SCV  
  39  4:42  SCV  
  39  4:43  Cyclone  
  44  4:51  SCV  
  44  4:52  Command Center  
  45  4:54  SCV  
  45  4:55  Refinery  
  45  4:58  Stimpack  
  46  5:00  Marine  
  46  5:03  Supply Depot  
  46  5:06  SCV  
  48  5:07  Starport Reactor  
  48  5:09  SCV  
  48  5:12  Marine  
  48  5:13  Marine  
  51  5:18  SCV, Marine  
  51  5:21  SCV  
  54  5:28  Siege Tank  
  57  5:30  SCV, Marine x2  
  57  5:32  Supply Depot  
  57  5:33  SCV  
  61  5:36  Marine  
  61  5:39  Engineering Bay  
  61  5:40  Engineering Bay  
  62  5:44  SCV  
  62  5:48  Marine x2  
  65  5:52  SCV  
  65  5:53  Marine  
  65  5:54  Medivac x2  
  65  5:56  SCV  
  71  6:01  Supply Depot  
  71  6:06  Marine  
  71  6:08  Siege Tank  
  71  6:11  SCV x2  
  75  6:13  Marine  
  75  6:14  Marine  
  78  6:23  SCV  
  78  6:24  Marine  
  78  6:25  Terran Infantry Armor Level 1  
  80  6:30  Orbital Command  
  80  6:31  SCV, Marine x2  
  83  6:33  Terran Infantry Weapons Level 1  
  83  6:38  Refinery  
  83  6:41  Marine  
  83  6:42  Combat Shield  
  83  6:44  SCV x2  
  86  6:49  Marine x2  
  86  6:51  Supply Depot  
  86  6:53  Barracks  
  86  6:54  Barracks  
  88  6:55  Barracks  
  88  6:56  SCV x2  
  88  6:57  SCV  
  91  7:04  Supply Depot  
  92  7:08  SCV x2  
  92  7:09  SCV  
  92  7:10  Siege Tank  
  92  7:11  Marine x2  
  92  7:13  Starport Reactor  
  98  7:20  SCV x2  
  98  7:21  SCV  
  79  7:32  SCV x2, Marine x2  
  79  7:33  Marine  
  79  7:36  SCV  
  78  7:41  Barracks Reactor x2  
  78  7:42  Siege Tank  
  78  7:43  Marine x2  
  83  7:44  SCV  
  83  7:45  SCV  
  83  7:50  Marine  
  86  7:51  SCV  
  86  7:52  Marine x2  
  86  7:53  Medivac x2  
  86  7:56  SCV  
  86  7:57  SCV  
  95  7:59  Armory  
  95  8:01  Marine x2  
  97  8:07  SCV  
  97  8:08  Marine  
  97  8:09  SCV x2  
  97  8:10  Marine x2  
  103  8:13  Supply Depot  
  103  8:16  Siege Tank  
  103  8:18  Marine x2  
  103  8:19  SCV  
  109  8:20  Marine x2  
  109  8:21  SCV  
  109  8:23  Supply Depot  
  109  8:26  Marine  
  113  8:28  Sensor Tower, Marine x3  
  113  8:32  SCV  
  117  8:34  SCV  
  117  8:36  Supply Depot  
  117  8:37  Supply Depot  
  118  8:45  Medivac x2  
  121  8:48  Marine x2  
  121  8:49  SCV  
  121  8:50  Supply Depot  
  121  8:51  SCV x2  
  124  9:00  Marine  
  124  9:01  SCV  
  124  9:06  Marine  
  124  9:09  SCV x2  
  112  9:13  Refinery x2, SCV  
  112  9:14  Command Center  
  112  9:15  Viking x2  
  111  9:21  SCV x2  
  111  9:22  Marine x5  
  118  9:26  SCV  
  118  9:30  Missile Turret  
  119  9:32  Marine  
  119  9:33  SCV x2, Siege Tank  
  119  9:34  Marine  
  119  9:38  SCV  
  127  9:45  SCV x2  
  129  9:49  Medivac  
  129  9:50  SCV, Marine  
  133  9:53  Marine  
  133  9:57  SCV, Medivac  
  133  9:59  Barracks x3  
  137  10:07  Barracks Reactor, Marine x2  
  137  10:08  Siege Tank  
  142  10:14  Terran Vehicle Weapons Level 1, Supply Depot  
  142  10:15  Supply Depot  
  142  10:16  Marine  
  142  10:20  Marine  
  127  10:25  Marine  
  127  10:26  Marine x3  
  127  10:27  Marine x2  
  113  10:34  Marine  
  110  10:38  SCV x3, Marine  
  113  10:43  Marine x2  
  113  10:44  Marine x5  
  113  10:46  Siege Tank  
  113  10:47  Engineering Bay x2  
  118  10:50  SCV x3  
  118  10:52  Medivac x2  
  125  11:02  SCV x2  
  125  11:03  Marine  
  126  11:07  Marine x4  
  130  11:11  Marine  
  130  11:15  SCV x3  
  130  11:18  Factory, Siege Tank  
  137  11:34  Medivac  
  137  11:35  Medivac, Marine  
  137  11:37  Barracks Reactor x2  
  137  11:38  Barracks Reactor  
  137  11:39  SCV x2  
  142  11:40  SCV  
  142  11:41  Marine  
  144  11:50  Marine x2  
  144  11:51  SCV  
  144  11:52  Siege Tank  
  144  11:53  Marine x2  
  152  11:55  SCV  
  152  11:58  Planetary Fortress  
  152  12:00  SCV  
  151  12:03  SCV  
  151  12:07  SCV  
  138  12:11  Medivac  
  138  12:12  SCV  
  138  12:14  Marine  
  142  12:15  SCV  
  142  12:18  Marine  
  142  12:19  SCV  
  142  12:20  Medivac  
  142  12:27  SCV  
  142  12:28  Marine x9  
  131  12:31  SCV  
  131  12:35  Marine  
  131  12:36  Marine  
  107  12:37  Marine  
  107  12:40  SCV, Marine  
  107  12:41  Marine x3  
  103  12:44  SCV  
Tags
 
Add a new tag
Caveats
  • Supply blocks, unpowered buildings, or Contaminate may cause inaccurate times.
  • Supply counts are checked every 10 seconds.